 Dungeon Crawl Stone Soup version 0.23.1 (webtiles) character file.

Game seed: 10561941448082581923

112 DarkinPup the Slasher (level 4, 0/35 HPs)
             Began as a Demonspawn Gladiator on Mar 1, 2019.
             Slain by a gnoll
             ... wielding a +0 spear
              (5 damage)
             ... on level 3 of the Dungeon.
             The game lasted 00:04:19 (1811 turns).

DarkinPup the Slasher (Demonspawn Gladiator)        Turns: 1811, Time: 00:04:19

Health: 0/35       AC: 11    Str: 16    XL:     4   Next: 63%
Magic:  0/4        EV: 12    Int:  9    God:
Gold:   139        SH:  0    Dex: 14    Spells: 3/3 levels left

rFire    . . .     SeeInvis .   a - +0 long sword
rCold    . . .     Gourm    .   (no shield)
rNeg     . . .     Faith    .   s - +0 ring mail
rPois    .         Spirit   +   c - +0 helmet
rElec    .         Reflect  .   (no cloak)
rCorr    .         Harm     .   (no gloves)
MR       .....                  (no boots)
Stlth    +.........             (no amulet)
HPRegen  0.11/turn              l - +2 ring of protection
MPRegen  0.09/turn              (no ring)

@: no status effects
A: molten scales 2, magic shield
a: no special abilities


You were on level 3 of the Dungeon.
You were very hungry.

You visited 1 branch of the dungeon, and saw 3 of its levels.

You collected 139 gold pieces.

Inventory:

Hand Weapons
 a - a +0 long sword (weapon)
Missiles
 d - 3 throwing nets (quivered)
Armour
 c - a +0 helmet (worn)
 s - a +0 ring mail (worn)
Jewellery
 l - a +2 ring of protection (left hand)
Scrolls
 j - 3 scrolls of identify
 n - a scroll of noise {unknown}
 o - a scroll of blinking
 q - 2 scrolls of magic mapping {unknown}
 r - a scroll of fear {unknown}
Potions
 g - 2 potions of heal wounds {unknown}
 h - a potion of flight {unknown}
 i - a potion of cancellation {unknown}
 k - a potion of brilliance {unknown}
 p - a potion of curing {unknown}
Comestibles
 f - 2 rations


   Skills:
 * Level 3.0 Fighting
 * Level 3.5 Long Blades
 - Level 1.7 Throwing
 + Level 1.3 Armour
 * Level 3.4 Dodging


You had 3 spell levels left.
You didn't know any spells.
Your spell library was empty.

Dungeon Overview and Level Annotations

Branches:
Dungeon (3/15)

Altars:
Qazlal


Innate Abilities, Weirdness & Mutations

You are mostly covered in molten scales. (AC +3)
When hurt, damage is shared between your health and your magic reserves.


Message History

The gnoll is lightly wounded.
The gnoll hits you.
* * * LOW HITPOINT WARNING * * *
The gnoll shouts!
You barely miss the gnoll.
The gnoll is lightly wounded.
The gnoll hits you but does no damage.
You closely miss the gnoll.
The gnoll is lightly wounded.
The gnoll closely misses you.
You hit the gnoll.
The gnoll is moderately wounded.
The gnoll barely misses you.
You closely miss the gnoll.
The gnoll is moderately wounded.
The gnoll barely misses you.
The gnoll hits you but does no damage. x2
You closely miss the gnoll.
The gnoll is moderately wounded.
The gnoll hits you from afar with a +0 spear.
You die...

. #○...§#.##.##.#
...#.....#...g##.#
......_....##.##.###
###.....#..........#
#°...☼#...........
###.###.##.##.#.##
... #g##.#### # ...#
#.##.# ....# #@##.#
##.# #g####
##.######.#
.........)#
.......)..######
######<.........
###########


You could see 2 gnolls.

Vanquished Creatures
  2 gnolls (D:3)
  4 adders (D:2)
  A worm (D:2)
  2 dart slugs
  7 bats
  2 giant cockroaches (D:1)
  5 goblins
  7 hobgoblins
  3 jackals (D:1)
  5 frilled lizards
  5 kobolds (D:1)
  7 rats
50 creatures vanquished.

Notes
Turn   | Place    | Note
-------+----------+-------------------------------------------
     0 | D:1      | DarkinPup the Demonspawn Gladiator began the quest for the
                  | Orb.
     0 | D:1      | Reached XP level 1. HP: 16/16 MP: 1/1
   166 | D:1      | Gained mutation: You are partially covered in molten
                  | scales. (AC +2) [demonic ancestry]
   166 | D:1      | Reached XP level 2. HP: 19/22 MP: 2/2
   586 | D:1      | Gained mutation: When hurt, damage is shared between your
                  | health and your magic reserves. [demonic ancestry]
   586 | D:1      | Reached XP level 3. HP: 24/28 MP: 3/3
  1030 | D:2      | Found a faded altar of an unknown god.
  1036 | D:2      | Reached skill level 1 in Armour
  1222 | D:2      | Gained mutation: You are mostly covered in molten scales.
                  | (AC +3) [demonic ancestry]
  1222 | D:2      | Reached XP level 4. HP: 34/34 MP: 4/4
  1726 | D:3      | Found a stormy altar of Qazlal.
  1811 | D:3      | Slain by a gnoll

Skill      XL: |  1  2  3  4 |
---------------+-------------+-----
Long Blades    | 3 |  3.5
Dodging        | 3 |  3.4
Armour         | 1 |  1.3
Fighting       | 3 |  3.0
Throwing       | |  1.7

Action                   |  1- 3 |  4- 6 || total
-------------------------+-------+-------++-------
Melee: Long sword        |    83 |    56 ||   139
  Use: Scroll            |       |     4 ||     4
 Stab: Sleeping          |     1 |       ||     1
  Eat: Chunk             |       |     2 ||     2
Armor: Leather armour    |    41 |     3 ||    44
       Ring mail         |       |    35 ||    35
Dodge: Dodged            |    47 |    44 ||    91
       Rpst.: Long sword |    20 |     9 ||    29
